woodfighter, neutral female human Wizard ---- --- . |..| --.---- ..-- ----..-- |.....-- -.-- |......| |..*...--- |..-- |.....-- --.|......- --..-- ---.--.-- ----......|.--...--- |...|--- |....<...........| ----...| --................-- ---.....^-- ---..................| |.........| |...|.....--.........| |........-- |..---....--.......(.#----....h@-- ---- |-...........).............| |........................ --.|..................... -----.................- |................. |................ --.....---...... --.---- |..|.. --- ----- woodfighter the Conjurer Experience level: 5 Strength: 10 Dexterity: 10 Constitution: 14 Intelligence: 19 Wisdom: 19 Charisma: 8 Health: 0(36) Energy: 53(70) Def: 5 Gold: 131 Moves: 2475 Dungeon seed: smuTAaX-aOdjNrCo Game ID: woodfighter_1448306564 Your Inventory: Coins $ - 131 gold pieces Weapons a - a blessed +1 quarterstaff (weapon in hands) Armor e - an uncursed +0 cloak of magic resistance (being worn) n - an uncursed +0 studded leather armor (being worn) q - an uncursed +0 pair of jumping boots (being worn) x - an uncursed +0 dwarvish cloak B - an uncursed +0 dwarvish cloak D - a blessed +0 dwarvish cloak J - an uncursed +0 dwarvish cloak Comestibles k - 2 uncursed sprigs of wolfsbane v - an uncursed banana w - an uncursed food ration Scrolls p - an uncursed scroll of identify s - a cursed scroll of teleportation u - an uncursed scroll of scare monster Spellbooks b - a blessed spellbook of force bolt c - an uncursed spellbook of sleep j - an uncursed spellbook of cause fear t - an uncursed spellbook of protection Potions f - an uncursed potion of object detection i - an uncursed potion of gain level l - a cursed potion of restore ability m - an uncursed potion of booze G - a cursed potion of fruit juice Wands d - a wand of nothing (0:7) Tools A - a +0 pick-axe C - 3 uncursed wax candles (0:400) E - an uncursed partly used tallow candle (0:24) H - a bag of tricks (0:13) Gems r - an uncursed jet stone y - an uncursed luckstone z - an uncursed worthless piece of white glass F - 3 uncursed worthless pieces of green glass I - an uncursed garnet stone N - an uncursed worthless piece of yellow glass Y - 3 uncursed worthless pieces of black glass Spells and supernatural/magical abilities: Name Level Category Fail Memory a - force bolt 1 attack 0% 88% z - sleep 1 enchantment 0% 88% W - pray for help -- divine ? -- Y - supernatural jump -- ability ? -- Your skills at the end: Miscellaneous Skills wands [Basic] Weapon Skills quarterstaff [Basic] Spellcasting Skills attack spells [Basic] enchantment spells [Basic] Final Attributes: You were devoutly aligned. You were magic-protected. You could jump. You were lucky. You had extra luck. Bad luck did not time out for you. Good luck did not time out for you. You are dead. Vanquished creatures: a rock mole a yellow light a gnome lord a kitten 4 dwarves an iguana a gas spore 3 geckos a brown mold 2 yellow molds 13 gnomes 4 garter snakes a gnome zombie 5 jackals 3 foxes 4 newts 2 goblins 3 sewer rats 2 grid bugs 3 bats a lichen a kobold zombie 58 creatures vanquished. Voluntary challenges: You did not adorn yourself with jewelry or accessories. You were an atheist. You used a wielded weapon 23 times, starting on turn 26. You did not apply a unicorn horn. You were illiterate. You never genocided any monsters. You never polymorphed an object. You never changed form. You used no wishes. You never split a pudding. You never wrote Elbereth's name. You never violated your personal moral code. Dungeon overview: The Dungeons of Doom: levels 1 to 5 Level 1 a long staircase Level 2 a fountain Level 3 a bookstore, a sink Level 4 some fountains stairs to The Gnomish Mines Level 5 The Gnomish Mines: levels 5 to 6 Level 5 stairs to The Dungeons of Doom Level 6 <- You were here History has recorded: On T:1 you entered the Dungeons of Doom to retrieve the Amulet of Yendor! On T:288 you reached level 2 of The Dungeons of Doom. On T:678 you reached level 3 of The Dungeons of Doom. On T:979 you advanced to experience level 2. On T:1125 you advanced to experience level 3. On T:1169 you reached level 4 of The Dungeons of Doom. On T:1307 you reached level 5 of The Dungeons of Doom. On T:1378 you reached level 1 of The Gnomish Mines. On T:1762 you advanced to experience level 4. On T:1873 you advanced to experience level 5. On T:1968 you reached level 2 of The Gnomish Mines. Score breakdown: Gold: 131 ( 13 points) Experience: 5 levels ( 400 points) Exploration: 6 levels ( 150 points) Discoveries: 2 items ( 100 points) Variety of kills: 22 monsters ( 1100 points) Major goal: (nothing yet) ( 0 points) Survival: died (score multiplied by 3) Total score: 5289 Latest messages: The spell misses the dwarf. The dwarf swings her broad pick. The dwarf hits you! You die... Final status: Goodbye woodfighter the Wizard, killed by a dwarf... You died in The Gnomish Mines on dungeon level 6 with 5289 points, and 131 pieces of gold, after 2475 moves. You were level 5 with a maximum of 36 hit points when you died.